 Dungeon Crawl Stone Soup version 0.21.1-1-g345015f (webtiles) character file.

13865 infcreate the Severer (level 11, -11/101 HPs)
             Began as a Minotaur Fighter on June 9, 2018.
             Was a High Priest of the Shining One.
             Mangled by an orc knight
             ... wielding a +0 trident
              (18 damage)
             ... in a bailey.
             The game lasted 00:52:17 (9116 turns).

infcreate the Severer (Minotaur Fighter)            Turns: 9116, Time: 00:52:19

Health: -11/101    AC: 21    Str: 24    XL:     11   Next: 81%
Magic:  10/12      EV:  6    Int:  5    God:    the Shining One [*****.]
Gold:   932        SH: 19    Dex: 10    Spells: 10/10 levels left

rFire    . . .     SeeInvis +   D - +2 war axe (freeze)
rCold    . . .     Gourm    .   c - +0 shield
rNeg     + + .     Faith    .   E - +0 plate armour
rPois    .         Spirit   .   (helmet restricted)
rElec    .         Reflect  .   x - +1 cloak
rCorr    .         Harm     .   (no gloves)
MR       .....                  (no boots)
Stlth    ..........             (no amulet)
HPRegen  0.26/turn              b - +5 ring of protection
MPRegen  0.13/turn              r - ring of see invisible

@: divine shield, glowing
A: retaliatory headbutt, horns 2
a: Divine Shield, Cleansing Flame, Summon Divine Warrior, Renounce Religion


You were in a bailey.
You worshipped the Shining One.
The Shining One was extremely pleased with you.
You were hungry.

You visited 1 branch of the dungeon, and saw 10 of its levels.
You also visited: Ossuary and Bailey.

You collected 932 gold pieces.

Inventory:

Hand Weapons
 D - a +2 war axe of freezing (weapon)
Armour
 c - a +0 shield (worn)
 x - a +1 cloak (worn)
 E - a +0 plate armour (worn)
Jewellery
 b - a +5 ring of protection (left hand)
 r - a ring of see invisible (right hand)
Wands
 u - a wand of digging (20)
Scrolls
 e - 12 scrolls of identify
 g - 3 scrolls of remove curse
 i - 4 scrolls of teleportation
 j - 4 scrolls of fear {unknown}
 k - a scroll of noise {unknown}
 m - 3 scrolls of fog {unknown}
 n - 3 scrolls of magic mapping
 o - a scroll of blinking {unknown}
 q - a scroll of vulnerability {unknown}
 y - 5 scrolls of amnesia {unknown}
 H - a scroll of acquirement {unknown}
Potions
 a - a potion of mutation {unknown}
 d - 8 potions of might
 h - 2 potions of heal wounds
 l - a potion of degeneration {unknown}
 p - 7 potions of lignification
 s - 2 potions of berserk rage {unknown}
 t - a potion of haste {unknown}
 v - 5 potions of agility
 w - 6 potions of curing
 z - 5 potions of brilliance {unknown}
 A - a potion of cancellation {unknown}
 B - 4 potions of flight {unknown}
 C - a potion of resistance {unknown}
 G - 2 potions of magic {unknown}
Books
 F - a book of Air

   Spells                             Type                      Level
   a - Shock                          Conjuration/Air              1
   b - Swiftness                      Charms/Air                   2
   c - Static Discharge               Conjuration/Air              3
   d - Airstrike                      Air                          4
   e - Lightning Bolt                 Conjuration/Air              5
Comestibles
 f - 10 rations


   Skills:
 + Level 10.5 Fighting
 + Level 15.3 Axes
 + Level 8.8 Armour
 + Level 10.5 Shields
 * Level 2.7 Invocations


You had 10 spell levels left.
You didn't know any spells.

Dungeon Overview and Level Annotations

Branches:
Dungeon (10/15)            Temple (0/1) D:5            Lair (0/6) D:8
    Orc (0/2) D:10

Altars:
Ashenzari
Gozag
Kikubaaqudgha
Nemelex Xobeh
Okawaru
Ru
Trog
Vehumet
Wu Jian
The Shining One
Beogh

Shops:
D:5 [   D:10 *


Innate Abilities, Weirdness & Mutations

You reflexively headbutt those who attack you in melee.
You have a pair of horns on your head.


Message History

The orc knight goes into a battle-frenzy!
You slash the orc knight! You freeze the orc knight.
The orc knight is heavily wounded.
You slash the orc knight! You freeze the orc knight.
The orc knight hits you from afar with a glaive.
The orc knight hits you with a trident!!
* * * LOW HITPOINT WARNING * * *
The orc knight no longer looks unusually strong.
The orc knight roars a battlecry!
The orc knight goes into a battle-frenzy!
Items here: )) [ ÷ a spear; a ring mail; a halberd; an orc skeleton
Okay, then.
You block the orc knight's attack. You block the orc knight's attack.
The orc knight hits you from afar with a glaive!
The Shining One protects you from harm! You block the orc knight's attack.
The orc knight hits you from afar with a trident!!
You die...

#∩...).∩#
#...))))#
#....)))#
#.......#
#.......#
#.......#
#.......#
#.......#
#.....@.#
##.)oo.##
###o###
#)..#
#...#
#...#
#...#
###)###
##.))).##


You could see 3 orc knights.

Vanquished Creatures
  Erolcha (D:9)
  A two-headed ogre (D:8)
  The ghost of nulman the Poker, a novice HOFi of Beogh (D:8)
  2 orc knights (Bailey)
  A moth of wrath (D:8)
  Maurice (D:8)
  The ghost of cjay27 the Thaumaturge, a novice DEIE of Makhleb (D:5)
  A gargoyle (D:10)
  Grinder (D:6)
  Prince Ribbit (D:7)
  A hippogriff (D:8)
  A vampire (D:8)
  A wraith (D:7)
  2 wyverns (D:9)
  Eustachio (D:4)
  A basilisk (D:8)
  14 yaks
  A hungry ghost (D:8)
  Menkaure (D:5)
  3 water moccasins
  Duvessa (D:4)
  12 orc warriors
  2 phantoms
  A sky beast (D:8)
  3 ogres
  3 necrophages
  2 centaurs
  A crocodile (D:8)
  3 big kobolds
  5 bullfrogs
  2 gnoll sergeants
  Dowan (D:4)
  2 scorpions
  A troll zombie (D:7)
  7 killer bees (D:8)
  7 wights
  A howler monkey (D:5)
  9 crimson imps
  2 quasits
  6 hounds
  A jelly (D:6)
  3 centaur skeletons
  A centaur zombie (D:6)
  A gnoll shaman (D:5)
  3 human zombies (D:7)
  6 orc priests
  A bullfrog skeleton (D:10)
  12 orc wizards
  Ijyb (D:4)
  An iguana (D:6)
  2 human skeletons (D:7)
  8 worker ants
  A hound zombie (D:5)
  9 mummies
  A howler monkey zombie (D:6)
  3 worker ant zombies
  A howler monkey skeleton (D:5)
  12 adders
  10 gnolls
  2 shadow imps
  An ooze (D:1)
  3 adder skeletons
  5 worms
  A dart slug (D:1)
  3 leopard geckos
  89 orcs
  A giant cockroach (D:2)
  5 hobgoblins
  16 jackals
  5 quokkas
  2 ball pythons
  12 bats
  4 frilled lizards
  A gnoll zombie (Ossuary)
  12 goblins
  2 hobgoblin zombies (Ossuary)
  22 kobolds
  A kobold zombie (Ossuary)
  A leopard gecko zombie (D:5)
  4 orc zombies (Ossuary)
  14 rats
391 creatures vanquished.

Vanquished Creatures (collateral kills)
  3 orcs (Bailey)
3 creatures vanquished.

Grand Total: 394 creatures vanquished

Notes
Turn   | Place    | Note
-------+----------+-------------------------------------------
     0 | D:1      | infcreate the Minotaur Fighter began the quest for the Orb.
     0 | D:1      | Reached XP level 1. HP: 19/19 MP: 0/0
   204 | D:1      | Reached XP level 2. HP: 26/27 MP: 1/1
   304 | D:1      | Found a glowing golden altar of the Shining One.
   394 | D:1      | Became a worshipper of the Shining One
   668 | D:2      | Reached XP level 3. HP: 26/33 MP: 2/2
   758 | D:2      | Reached skill level 3 in Axes
   850 | D:2      | Found an opulent altar of Gozag.
  1271 | D:2      | Found a radiant altar of Vehumet.
  1284 | D:2      | Reached XP level 4. HP: 32/40 MP: 3/3
  1723 | D:3      | Found a sacrificial altar of Ru.
  1860 | D:3      | Reached skill level 4 in Axes
  2047 | D:3      | Reached XP level 5. HP: 43/47 MP: 4/4
  2363 | D:4      | Noticed Ijyb
  2369 | D:4      | Killed Ijyb
  2521 | D:4      | Reached skill level 5 in Shields
  2736 | D:4      | Reached skill level 5 in Axes
  2814 | D:4      | Noticed Duvessa
  2814 | D:4      | Noticed Dowan
  2826 | D:4      | Killed Duvessa
  2826 | D:4      | Reached XP level 6. HP: 45/53 MP: 5/5
  2827 | D:4      | Killed Dowan
  2885 | D:4      | Noticed Eustachio
  2928 | D:4      | Killed Eustachio
  2928 | D:4      | Reached skill level 6 in Axes
  2928 | D:4      | Reached skill level 5 in Armour
  2928 | D:4      | Reached XP level 7. HP: 49/60 MP: 6/6
  3412 | D:5      | Entered Level 5 of the Dungeon
  3420 | D:5      | Reached skill level 5 in Fighting
  3422 | D:5      | Reached * piety under the Shining One
  3436 | D:5      | Reached skill level 7 in Axes
  3729 | D:5      | Found Ruiliopp's Antique Armour Shop.
  3755 | D:5      | Noticed Menkaure
  3760 | D:5      | Killed Menkaure
  3760 | D:5      | Reached skill level 8 in Axes
  3760 | D:5      | Reached XP level 8. HP: 62/69 MP: 7/7
  3768 | D:5      | Reached ** piety under the Shining One
  3863 | D:5      | Noticed cjay27's ghost (novice DEIE)
  3873 | D:5      | Killed cjay27's ghost
  3873 | D:5      | Reached skill level 9 in Axes
  4018 | D:5      | Reached skill level 10 in Axes
  4384 | D:5      | Found a staircase to the Ecumenical Temple.
  4507 | D:6      | Reached XP level 9. HP: 40/78 MP: 8/8
  4626 | D:6      | Found a sand-covered staircase.
  4631 | Ossuary  | Entered an ossuary
  4637 | Ossuary  | Reached *** piety under the Shining One
  4881 | D:6      | Found a shattered altar of Ashenzari.
  4906 | D:6      | Reached skill level 11 in Axes
  5009 | D:6      | Reached skill level 1 in Invocations
  5059 | D:6      | Noticed Grinder
  5067 | D:6      | Killed Grinder
  5143 | D:6      | Reached **** piety under the Shining One
  5730 | D:7      | Noticed Prince Ribbit
  5757 | D:7      | Reached skill level 12 in Axes
  5769 | D:7      | Killed Prince Ribbit
  5769 | D:7      | Reached XP level 10. HP: 78/87 MP: 10/10
  5858 | D:7      | Reached ***** piety under the Shining One
  5860 | D:7      | Found an ancient bone altar of Kikubaaqudgha.
  5972 | D:7      | Found a runed door.
  6087 | D:7      | Found a roughly hewn altar of Beogh.
  6175 | D:7      | Found an ornate altar of the Wu Jian Council.
  6362 | D:8      | Noticed a moth of wrath
  6366 | D:8      | Found a bloodstained altar of Trog.
  6386 | D:8      | Killed a moth of wrath
  6446 | D:8      | Reached skill level 13 in Axes
  6653 | D:8      | Noticed Maurice
  6662 | D:8      | Killed Maurice
  6670 | D:8      | Noticed nulman's ghost (novice HOFi)
  6691 | D:8      | Killed nulman's ghost
  6703 | D:8      | Found a sparkling altar of Nemelex Xobeh.
  6792 | D:8      | Noticed a two-headed ogre
  6801 | D:8      | Killed a two-headed ogre
  7008 | D:8      | Found a staircase to the Lair.
  7026 | D:8      | Reached XP level 11. HP: 96/96 MP: 11/11
  7038 | D:8      | Reached skill level 14 in Axes
  7330 | D:9      | Noticed Erolcha
  7337 | D:9      | Killed Erolcha
  7393 | D:9      | Reached skill level 10 in Shields
  7704 | D:9      | Found an iron altar of Okawaru.
  7721 | D:9      | Reached skill level 10 in Fighting
  8311 | D:10     | Entered Level 10 of the Dungeon
  8428 | D:10     | Found Xulaamew's Assorted Antiques.
  8553 | D:10     | Reached skill level 15 in Axes
  8589 | D:10     | Found a staircase to the Orcish Mines.
  8605 | D:10     | Found a flagged portal.
  8623 | Bailey   | Entered a bailey
  8746 | Bailey   | Noticed an orc knight
  8807 | Bailey   | Killed an orc knight
  9058 | Bailey   | Noticed an orc knight
  9058 | Bailey   | Noticed an orc knight
  9062 | Bailey   | Noticed an orc knight
  9064 | Bailey   | Killed an orc knight
  9065 | Bailey   | Noticed an orc knight
  9115 | Bailey   | The Shining One protects you from harm!
  9116 | Bailey   | Mangled by an orc knight

Skill      XL: |  1  2  3  4  5  6  7  8  9 10 11 |
---------------+----------------------------------+-----
Fighting       | 4 5 6 8 9 10 | 10.5
Armour         | 4 5 6 7 8 |  8.8
Shields        | 4 5 6 7 8 9 10 | 10.5
Axes           | 3 4 5 6 8 10 12 13 15 | 15.3
Invocations    | 2 |  2.7

Action                   |  1- 3 |  4- 6 |  7- 9 | 10-12 || total
-------------------------+-------+-------+-------+-------++-------
Melee: War axe           |    99 |   153 |   286 |   425 ||   963
       Headbutt          |    10 |    20 |    40 |    70 ||   140
Invok: Divine Shield     |       |       |       |     4 ||     4
       Summon Divine War |       |       |       |     1 ||     1
Evoke: Wand              |       |       |       |     1 ||     1
  Use: Scroll            |       |     2 |     6 |     3 ||    11
       Potion            |       |       |       |     4 ||     4
  Eat: Chunk             |     1 |     5 |     7 |    10 ||    23
       Ration            |       |       |     1 |     1 ||     2
Armor: Scale mail        |    35 |       |       |       ||    35
       Chain mail        |     9 |   130 |    92 |       ||   231
       Plate armour      |       |       |    53 |   213 ||   266
Dodge: Dodged            |    26 |    45 |    51 |    80 ||   202
Block: Shield            |    58 |   106 |   148 |   281 ||   593
